 Dungeon Crawl Stone Soup version 0.29-a0-617-g7a6b98fccd (webtiles) character file.

Game seed: 14023176088428939059

942 porpoise the Archer (level 8, -7/48 HPs)
             Began as a Tengu Hunter on June 17, 2022.
             Was an Initiate of Hepliaklqana.
             Mangled by a gnoll sergeant
             ... wielding a +1 trident of venom
              (10 damage)
             ... on level 5 of the Dungeon on June 18, 2022.
             The game lasted 00:17:40 (6016 turns).

porpoise the Archer (Tengu Hunter)                  Turns: 6016, Time: 00:17:41

Health: -7/48      AC:  6    Str: 13    XL:     8   Next: 12%
Magic:  9/9        EV: 13    Int:  9    God:    Hepliaklqana [......]
Gold:   213        SH:  0    Dex: 19    Spells: 7/7 levels left

rFire   . . .      SeeInvis +   b - +4 morningstar "Widowmaker" {vorpal, *Corrode rPois rC+}
rCold   + . .      Faith    .   (no shield)
rNeg    . . .      Spirit   .   D - +1 ring mail
rPois   +          Reflect  .   (helmet restricted)
rElec   .          Harm     .   (no cloak)
rCorr   .          Rampage  .   (no gloves)
Will    .....                   (boots unavailable)
Stlth   ++........              (no amulet)
HPRegen 0.16/turn               n - ring of see invisible
MPRegen 0.11/turn               (no ring)

@: lethally poisoned (-7 -> -18), flying quickly and evasively, quick
A: beak, talons 3, nimble flight
a: Renounce Religion


You were on level 5 of the Dungeon.
You worshipped Hepliaklqana.
Hepliaklqana was noncommittal.
You visited 2 branches of the dungeon, and saw 6 of its levels.
You also visited: Sewer.

You collected 213 gold pieces.

Inventory:

Hand Weapons
 a - a +1 shortbow
 b - the +4 morningstar "Widowmaker" (weapon) {vorpal, *Corrode rPois rC+}
   (You found it on level 2 of the Dungeon)

   It inflicts extra damage upon your enemies.
   rC:        It protects you from cold.
   rPois:     It protects you from poison.
   *Corrode:  It may corrode you when you take damage.
 y - a +2 dagger of venom
 E - a +0 spear of venom
Missiles
 o - 4 silver javelins
 r - 2 curare-tipped darts
 u - 11 poisoned darts
 A - a boomerang (quivered)
Armour
 x - a scarf of shadows
 D - a +1 ring mail (worn)
Jewellery
 j - an amulet of magic regeneration
 n - a ring of see invisible (left hand)
Wands
 e - a wand of light (8)
Scrolls
 c - 3 scrolls of immolation
 f - a scroll of teleportation {unknown}
 g - a scroll of fog
 i - a scroll of blinking {unknown}
 l - a scroll of fear {unknown}
 m - a scroll of brand weapon {unknown}
 p - a scroll of magic mapping {unknown}
 w - a scroll of enchant armour
Potions
 h - a potion of mutation
 k - a potion of cancellation
 q - 2 potions of ambrosia
 s - a potion of resistance
 t - a potion of might {unknown}
 v - a potion of magic {unknown}
 z - a potion of invisibility {unknown}
 B - a potion of heal wounds
 C - a potion of haste {unknown}


   Skills:
 + Level 4.9 Fighting
 * Level 8.5 Bows
 - Level 2.1 Dodging
 + Level 4.4 Stealth


You had 7 spell levels left.
You didn't know any spells.
Your spell library contained the following spells:

 Spells                   Type           Power      Damage    Failure   Level
 Slow                     Hex            0%         N/A       65%         1
 Ensorcelled Hibernation  Hex/Ice        0%         N/A       80%         2
 Passwall                 Tmut/Erth      0%         N/A       80%         2
 Confusing Touch          Hex            0%         N/A       95%         3
 Swiftness                Air            0%         N/A       95%         3
 Vampiric Draining        Necr           0%         2d6       95%         3


Dungeon Overview and Level Annotations

Branches:
Dungeon (5/15)             Temple (1/1) D:4           Sewer (visited)

Altars:
Dithmenos
Hepliaklqana
Kikubaaqudgha
Nemelex Xobeh
Trog
Uskayaw
Vehumet
The Shining One


Innate Abilities, Weirdness & Mutations

You have a beak for a mouth.
You have claws for feet.
Your magical nature lets you fly swiftly and evasively.


Message History

The gnoll sergeant completely misses you.
b - the +4 morningstar "Widowmaker" (weapon)
{vorpal, *Corrode rPois rC+} The gnoll sergeant closely misses you.
The gnoll sergeant hits you with a +1 trident of venom.
You barely miss the gnoll sergeant.
The gnoll sergeant is moderately wounded.
The gnoll sergeant hits you with a +1 trident of venom!
You hit the gnoll sergeant.
The gnoll sergeant is heavily wounded.
The gnoll sergeant closely misses you.
The gnoll sergeant hits you with a +1 trident of venom.
You hit the gnoll sergeant but do no damage.
You peck the gnoll sergeant, but do no damage.
The gnoll sergeant is heavily wounded.
The gnoll sergeant hits you with a +1 trident of venom!
* * * LOW HITPOINT WARNING * * *
You are lethally poisoned!
It was a potion of heal wounds.
You feel much better.
You feel very sick. The gnoll sergeant misses you.
You closely miss the gnoll sergeant.
You claw the gnoll sergeant, but do no damage.
The gnoll sergeant is heavily wounded.
You feel very sick.
The gnoll sergeant hits you with a +1 trident of venom. x2
You are lethally poisoned!
You hit the gnoll sergeant. Your peck misses the gnoll sergeant.
The gnoll sergeant is heavily wounded.
* * * LOW HITPOINT WARNING * * *
You feel extremely sick.
The gnoll sergeant hits you with a +1 trident of venom.
* * * LOW HITPOINT WARNING * * *
You hit the gnoll sergeant but do no damage.
You peck the gnoll sergeant, but do no damage.
The gnoll sergeant is heavily wounded.
* * * LOW HITPOINT WARNING * * *
You feel very sick. The gnoll sergeant closely misses you.
The gnoll sergeant hits you with a +1 trident of venom!
You die...

###### ### ##.....##
##.## ........# ##...##
PP.P....####.....#####
P.....g@...))........###
.....P..######.###.#....
.......## #.# #...###
....P.. #.# ######.
P....P. ##'## #. P...P..
##...## #. .......
##.....## #. ####.#.
##.......## #.
#...[.....####.


You could see a gnoll sergeant.

Vanquished Creatures
  A black bear (D:4)
  A phantom (D:4)
  4 kobold brigands (Sewer)
  A necrophage (D:4)
  A hound (D:4)
  2 orc priests
  A jelly (D:4)
  An iguana (D:4)
  An orc wizard (D:3)
  4 gnolls (D:5)
  12 adders
  3 river rats (Sewer)
  A worm (D:3)
  A dart slug (D:2)
  9 orcs
  10 endoplasms
  A giant cockroach (D:4)
  4 goblins
  10 hobgoblins
  2 jackals (D:2)
  2 quokkas (D:1)
  10 ball pythons
  5 bats
  4 frilled lizards
  13 kobolds
  14 rats
118 creatures vanquished.

Vanquished Creatures (others)
  28 plants
28 creatures vanquished.

Grand Total: 146 creatures vanquished

Notes
Turn   | Place    | Note
-------+----------+-------------------------------------------
     0 | D:1      | porpoise the Tengu Hunter began the quest for the Orb.
     0 | D:1      | Reached XP level 1. HP: 12/12 MP: 2/2
   286 | D:1      | Reached XP level 2. HP: 16/17 MP: 3/3
   742 | D:1      | Reached skill level 5 in Bows
  1213 | D:1      | Reached XP level 3. HP: 15/22 MP: 4/4
  1469 | D:2      | Found a faded altar of an unknown god.
  2077 | D:2      | Identified the +4 morningstar "Widowmaker" {vorpal,
                  | *Corrode rPois rC+}
  2326 | D:2      | Reached XP level 4. HP: 27/27 MP: 5/5
  2739 | D:3      | Found a glowing drain.
  2759 | Sewer    | Entered a sewer
  2792 | Sewer    | Reached skill level 6 in Bows
  2792 | Sewer    | Gained mutation: Your magical nature lets you fly swiftly
                  | and evasively. [Tengu growth]
  2792 | Sewer    | Reached XP level 5. HP: 18/32 MP: 6/6
  2985 | Sewer    | Noticed a kobold brigand
  2991 | Sewer    | Killed a kobold brigand
  3063 | Sewer    | Noticed a kobold brigand
  3071 | Sewer    | Killed a kobold brigand
  3072 | Sewer    | Reached XP level 6. HP: 28/38 MP: 7/7
  3398 | Sewer    | Reached skill level 7 in Bows
  3547 | Sewer    | Reached XP level 7. HP: 43/43 MP: 8/8
  3753 | D:3      | Upgraded the game from 0.29-a0-613-gf2c431b9b9 to
                  | 0.29-a0-617-g7a6b98fccd
  4479 | D:4      | Found a staircase to the Ecumenical Temple.
  4487 | Temple   | Entered the Ecumenical Temple
  4497 | Temple   | Became a worshipper of Hepliaklqana the Forgotten
  4849 | D:4      | Reached skill level 8 in Bows
  5597 | D:4      | Reached XP level 8. HP: 38/48 MP: 9/9
  5660 | D:4      | Found a glowing golden altar of the Shining One.
  5763 | D:5      | Entered Level 5 of the Dungeon
  6016 | D:5      | Mangled by a gnoll sergeant

Illustrated notes

Levels and vault maps discovered:
D:1:      dpeg_arrival_castle, layout_loops_ring, serial_bayou,
          serial_bayou_lagoon_a, serial_bayou_pond_a, serial_bayou_pond_b,
          serial_bayou_pond_e, minmay_tall_x
D:2:      layout_basic, basic_ecumenical_altar, minmay_misc_feat_plants
D:3:      cheibrodos_old_hovel, layout_basic, cheibrodos_sewer_entry_bend
D:4:      layout_basic, tso_altar, minmay_temple_entry_hall
D:5:      layout_loops_corners, amcnicky_altar_gilded, serial_shops,
          nicolae_diamond_shop, nicolae_grassy_gnolls
Temple:   eino_wide_crystal_templ

Skill      XL: |  1  2  3  4  5  6  7 |
---------------+----------------------+-----
Bows           | 5 6 7 8 |  8.5
Fighting       | 3 4 |  4.9
Stealth        | 2 3 4 |  4.4
Dodging        | |  2.1

Action                   |  1- 3 |  4- 6 |  7- 9 || total
-------------------------+-------+-------+-------++-------
Melee: Shortbow          |     1 |       |       ||     1
       Morningstar       |       |     6 |     9 ||    15
       Peck              |       |     3 |     3 ||     6
       Kick              |       |     3 |     2 ||     5
 Fire: Shortbow          |   121 |   101 |   158 ||   380
Throw: Javelin           |       |       |     1 ||     1
  Use: Potion            |     1 |       |     2 ||     3
       Scroll            |       |     3 |     4 ||     7
Armor: Leather armour    |    22 |     2 |     5 ||    29
       Ring mail         |       |       |     4 ||     4
Dodge: Dodged            |    49 |    16 |    27 ||    92

Table legend: (Time is in decaauts)
 A = Elapsed time spent in this place.
 B = Non-inter-level travel time spent in this place.
 C = Inter-level travel time spent in this place.
 D = Time resting spent in this place.
 E = Time spent auto-exploring this place.
 F = Levels seen in this place.
 G = Mean time per level.
                   A        B        C        D        E       F      G
               +--------+--------+--------+--------+--------+-----+--------+
         Total |   5943 |   5816 |    127 |   2171 |   2693 |   7 |  849.0 |
       Dungeon |   5050 |   4923 |    127 |   1828 |   2329 |   5 | 1010.0 |
        Temple |     19 |     19 |      0 |      0 |      3 |   1 |   19.0 |
         Sewer |    873 |    873 |      0 |    343 |    360 |   1 |  873.0 |
               +--------+--------+--------+--------+--------+-----+--------+

Top non-repeatable levels by time:
     D:1: 1510 daAuts
     D:4: 1227 daAuts
     D:2: 1049 daAuts
     D:3: 1013 daAuts
   Sewer: 873 daAuts
     D:5: 249 daAuts
  Temple: 19 daAuts
